 Dungeon Crawl Stone Soup version 0.23.2-40-g277498a001 (webtiles) character file.

Game seed: 724949181637333585

14620 Htamos the Covert (level 12, 82/82 HPs)
             Began as an Octopode Wizard on Aug 29, 2019.
             Was a Priest of Sif Muna.
             Quit the game on level 13 of the Dungeon.
             The game lasted 00:54:14 (21426 turns).

Htamos the Covert (Octopode Wizard)                Turns: 21426, Time: 00:54:15

Health: 82/82      AC:  1    Str:  6    XL:     12   Next: 18%
Magic:  23/23      EV: 14    Int: 26    God:    Sif Muna [***...]
Gold:   452        SH: 13    Dex: 10    Spells: 18/26 levels left

rFire    . . .     SeeInvis +   j - +2 short sword (venom)
rCold    . . .     Gourm    .   v - +2 shield {rN+}
rNeg     + . .     Faith    .   u - +0 mask of the Dragon {MR+ Slay+3 SInv}
rPois    .         Spirit   .   l - +3 amulet of reflection
rElec    .         Reflect  +   o - ring of resist corrosion
rCorr    +         Harm     .   C - ring of wizardry
MR       +....                  F - ring of flight
Stlth    +++++.....             (no ring)
HPRegen  0.23/turn              (no ring)
MPRegen  0.18/turn              (no ring)
                                (no ring)
                                (no ring)

@: no status effects
A: almost no armour, stealthy swim, amphibious, 8 rings, constrict 8, camouflage
1, gelatinous body 1
a: Divine Energy, Channel Magic, Renounce Religion, Evoke Flight


You were on level 13 of the Dungeon.
You worshipped Sif Muna.
Sif Muna was most pleased with you.
You were not hungry.

You visited 2 branches of the dungeon, and saw 15 of its levels.
You also visited: Bailey.

You collected 672 gold pieces.
You spent 220 gold pieces at shops.

Inventory:

Hand Weapons
 b - a +1 dagger of venom
 j - a +2 short sword of venom (weapon)
Missiles
 d - 378 stones (quivered)
 h - 90 poisoned needles
 w - 43 tomahawks of returning
Armour
 a - a +1 hat
 u - the +0 mask of the Dragon (worn) {MR+ Slay+3 SInv}
   (You found it on level 5 of the Dungeon)

   It affects your accuracy and damage with ranged weapons and melee attacks
   (+3).
   It affects your resistance to hostile enchantments.
   It lets you see invisible.
 v - a +2 shield of positive energy (worn)
Jewellery
 l - a +3 amulet of reflection (around mantle)
 o - a ring of resist corrosion (left tentacle)
 C - a ring of wizardry (right tentacle)
 F - a ring of flight (on tentacle)
Wands
 p - a wand of enslavement (4)
 s - a wand of random effects (11)
 t - a wand of flame (12)
 I - a wand of polymorph (6)
Scrolls
 f - a scroll of amnesia
 g - 9 scrolls of remove curse
 k - 14 scrolls of identify
 n - 2 scrolls of teleportation
 y - 2 scrolls of enchant armour
 G - a scroll of holy word {unknown}
 H - a scroll of magic mapping
Potions
 e - a potion of lignification
 i - 7 potions of flight
 m - a potion of berserk rage
 q - a potion of resistance {unknown}
 r - 2 potions of ambrosia
 x - 2 potions of haste
 z - 2 potions of might {unknown}
 A - a potion of degeneration {unknown}
 B - a potion of invisibility {unknown}
 D - a potion of agility
 E - 2 potions of mutation {unknown}
 J - a potion of cancellation {unknown}
Comestibles
 c - 16 rations


   Skills:
 + Level 7.7 Fighting
 * Level 7.3 Short Blades
 + Level 8.0 Dodging
 + Level 11.2 Stealth
 + Level 5.1 Shields
 + Level 7.7 Spellcasting
 + Level 7.8 Conjurations
   Level 1.0 Summonings
 - Level 1.0 Translocations


You had 18 spell levels left.
You knew the following spells:

 Your Spells              Type           Power        Failure   Level  Hunger
a - Magic Dart            Conj           ####         1%          1    None
b - Slow                  Hex            ##......     12%         2    None
c - Blink                 Tloc           N/A          9%          2    None
d - Mephitic Cloud        Conj/Pois/Air  ###.....     9%          3    None

Your spell library contained the following spells:

 Spells                   Type           Power        Failure   Level  Hunger
 Throw Frost              Conj/Ice       ####..       2%          2    None
 Conjure Flame            Conj/Fire      ####....     4%          3    None
 Freeze                   Ice            ##..         9%          1    None
 Call Imp                 Summ           ###.....     9%          2    None
 Throw Icicle             Conj/Ice       ####....     16%         4    ##.....
 Ozocubu's Armour         Chrm/Ice       ##......     24%         3    None
 Summon Ice Beast         Ice/Summ       ##......     52%         4    ##.....
 Cause Fear               Hex            ##........   58%         4    ##.....
 Silence                  Hex/Air        ##........   89%         5    ####...
 Yara's Violent Unravell  Hex/Tmut       ##........   89%         5    ####...
 Deflect Missiles         Chrm/Air       ##........   100%        6    ######.
 Discord                  Hex            ##........   100%        8    #######


Dungeon Overview and Level Annotations

Branches:
Dungeon (14/15)            Temple (1/1) D:5            Lair (0/6) D:10
    Orc (0/2) D:9
 Vaults: D:13-14

Altars:
Ashenzari
Cheibriados
Dithmenos
Elyvilon
Fedhas
Gozag
Hepliaklqana
Kikubaaqudgha
Makhleb
Nemelex Xobeh
Okawaru
Qazlal
Ru
Sif Muna
Trog
Uskayaw
Vehumet
Xom
Yredelemnul
Zin
The Shining One
Lugonu

Shops:
D:5 !   D:11 %

Annotations:
D:1 exclusion: downstairs
D:4 exclusion: 2 downstairs
D:8 exclusion: 2 downstairs
D:10 exclusion: 2 downstairs
D:12 Maurice


Innate Abilities, Weirdness & Mutations

You cannot wear most types of armour.
You are very stealthy in the water. (Stealth+)
You are amphibious.
You can wear up to eight rings at the same time.
You can use your tentacles to constrict eight enemies at once.
Your skin changes colour to match your surroundings (Stealth+).
Your rubbery body absorbs attacks. (AC +1, EV +1)


Message History

Press: ? - help, Shift-Dir - straight line, f - vault guard
Aim: a vault guard, wielding a +0 great mace and wearing a +0 plate armour (severely wounded, hasn't noticed you, chance to defeat MR: 15%)
Okay, then.
Evoke which item? (* to show all) (? for menu, Esc to quit)
Okay, then.
There is a stone staircase leading up here.
There is a stone staircase leading down here.
You climb downwards.
An acid dragon, a centaur warrior and a shadow imp come into view.
Found a leather armour.
Found a stone staircase leading down.
There is a stone staircase leading up here.
You climb upwards.
There is a stone staircase leading down here.
Quiver which item? (- for none, * to show all) (? for menu, Esc to quit)
You don't have any such object.
Quiver which item? (- for none, * to show all) (? for menu, Esc to quit)
Huh?
Quiver which item? (- for none, * to show all) (? for menu, Esc to quit)
Okay, then.
Are you sure you want to abandon this character and quit the game? (Confirm with "yes".)

#.....# #..####.#.###.....## ##
...##.# #....(..#.##..)....## #
##.##.# #...####..#.........# #
#.##.#####...###..##.........# #
#......##........###.........#
###..........##### #.........#
##.........#..## #.........#
##..####.#..##..#####.........#
...## #.#..#...@.............###
..### #...<........#..........##
#<..####..#......................
#........##......................
..####.#.....................##..
..........#.........#######.####.
######...##.........###.##### #.
#..#..#.........##.#)# ##.
#.###...........'.#### #..


There were no monsters in sight!

Vanquished Creatures
  2 centaur warriors (D:13)
  A two-headed ogre (D:9)
  2 unseen horrors
  A deep elf mage (D:13)
  A cyclops (D:13)
  4 centaur skeletons
  A troll (D:12)
  A jumping spider (shapeshifter) (D:13)
  A hornet (D:11)
  Prince Ribbit (D:6)
  A hippogriff (D:11)
  Sigmund (D:3)
  2 yaks
  A wyvern (D:10)
  A hungry ghost (D:9)
  A warg (D:9)
  2 water moccasins
  A soldier ant (D:10)
  A porcupine (D:10)
  Purgy (D:3)
  2 black bears (D:10)
  7 sky beasts
  2 necrophages
  15 orc warriors
  An eye of draining (D:13)
  2 ice beasts
  A phantom (D:5)
  4 ogres
  9 centaurs
  A crocodile (D:11)
  Blork the orc (D:5)
  9 bullfrogs
  2 big kobolds (D:8)
  3 scorpions
  7 killer bees
  4 wights (D:11)
  2 howler monkeys
  4 crimson imps
  3 bullfrog zombies
  3 centaur zombies
  10 orc priests
  10 hounds
  A bullfrog skeleton (D:9)
  Ijyb (D:3)
  7 iguanas
  14 orc wizards
  4 worker ants
  A killer bee zombie (D:5)
  A hound zombie (D:5)
  A worker ant zombie (D:10)
  A gnoll (Bailey)
  A howler monkey skeleton (D:5)
  12 adders
  2 shadow imps
  An ooze (D:3)
  An adder zombie (D:9)
  2 adder skeletons (D:7)
  7 leopard geckos
  54 orcs
  4 bats
  11 giant cockroaches
  8 hobgoblins
  10 jackals
  5 quokkas
  4 frilled lizards
  12 goblins
  27 kobolds
  A leopard gecko skeleton (D:4)
  A quokka skeleton (D:4)
  6 rats
329 creatures vanquished.

Vanquished Creatures (collateral kills)
  A wyvern (D:13)
1 creature vanquished.

Vanquished Creatures (others)
  A human (D:13)
  4 fungi (D:10)
  2 plants
  4 toadstools (D:1)
11 creatures vanquished.

Grand Total: 341 creatures vanquished

Notes
Turn   | Place    | Note
-------+----------+-------------------------------------------
     0 | D:1      | Htamos the Octopode Wizard began the quest for the Orb.
     0 | D:1      | Reached XP level 1. HP: 11/11 MP: 4/4
   422 | D:1      | Reached skill level 3 in Stealth
   422 | D:1      | Reached XP level 2. HP: 17/17 MP: 3/6
   896 | D:1      | Reached XP level 3. HP: 17/22 MP: 0/7
  1612 | D:2      | Found an ancient bone altar of Kikubaaqudgha.
  1613 | D:2      | Found a blossoming altar of Fedhas.
  1745 | D:2      | Noticed an orc warrior
  1764 | D:2      | Reached skill level 1 in Fighting
  2345 | D:3      | Found a bloodstained altar of Trog.
  2497 | D:2      | Reached XP level 4. HP: 11/28 MP: 7/9
  3049 | D:3      | Noticed Sigmund
  3052 | D:3      | Killed Sigmund
  3052 | D:3      | Reached skill level 4 in Stealth
  3052 | D:3      | Reached XP level 5. HP: 34/34 MP: 10/10
  3052 | D:3      | Reached XP level 6. HP: 39/39 MP: 11/11
  3090 | D:3      | Noticed Ijyb
  3092 | D:3      | Killed Ijyb
  3225 | D:3      | Noticed Purgy
  3237 | D:3      | Killed Purgy
  3237 | D:3      | Reached skill level 5 in Stealth
  3467 | D:3      | Found a glowing golden altar of the Shining One.
  3750 | D:4      | Reached XP level 7. HP: 32/45 MP: 7/13
  4347 | D:4      | Found a burning altar of Makhleb.
  5283 | D:5      | Entered Level 5 of the Dungeon
  5283 | D:5      | Noticed Blork the orc
  5287 | D:5      | Killed Blork the orc
  5400 | D:5      | Reached skill level 6 in Stealth
  5411 | D:5      | Found the +0 mask of the Dragon {MR+ Slay+3 SInv}
  5751 | D:5      | Reached XP level 8. HP: 52/52 MP: 9/14
  6093 | D:5      | Found a staircase to the Ecumenical Temple.
  6194 | D:4      | Learned a level 2 spell: Slow
  6297 | Temple   | Entered the Ecumenical Temple
  6402 | Temple   | Became a worshipper of Sif Muna the Loreminder
  6521 | D:5      | Reached skill level 7 in Stealth
  6521 | D:5      | Reached skill level 5 in Spellcasting
  6866 | D:5      | Found Mur Vit's Distillery.
  6885 | D:5      | Bought a potion of agility for 44 gold pieces
  6885 | D:5      | Bought a potion of heal wounds for 55 gold pieces
  6885 | D:5      | Bought a potion of berserk rage for 55 gold pieces
  6885 | D:5      | Bought a potion of curing for 33 gold pieces
  6885 | D:5      | Bought a potion of flight for 33 gold pieces
  6965 | D:5      | Found a glowing silver altar of Zin.
  6965 | D:5      | Found an iron altar of Okawaru.
  6967 | D:5      | Found a shattered altar of Ashenzari.
  7007 | D:5      | Found a white marble altar of Elyvilon.
  7007 | D:5      | Found a basalt altar of Yredelemnul.
  7007 | D:5      | Found a shadowy altar of Dithmenos.
  7018 | D:5      | Found a sacrificial altar of Ru.
  7069 | D:6      | Reached skill level 5 in Dodging
  7387 | D:6      | Reached skill level 5 in Conjurations
  7387 | D:6      | Reached XP level 9. HP: 57/57 MP: 17/17
  7543 | D:6      | Noticed Prince Ribbit
  7557 | D:6      | Killed Prince Ribbit
  7557 | D:6      | Reached * piety under Sif Muna
  7557 | D:6      | Reached skill level 5 in Fighting
  7557 | D:6      | Reached skill level 8 in Stealth
  8424 | D:7      | Found a sparkling altar of Nemelex Xobeh.
  9549 | D:7      | Reached skill level 1 in Shields
 10303 | D:8      | Reached skill level 1 in Short Blades
 10599 | D:8      | Reached skill level 9 in Stealth
 10846 | D:8      | Found a radiant altar of Vehumet.
 11025 | D:8      | Reached XP level 10. HP: 45/68 MP: 13/19
 11782 | D:9      | Noticed a two-headed ogre
 11847 | D:9      | Found a staircase to the Orcish Mines.
 12257 | D:9      | Killed a two-headed ogre
 12467 | D:9      | Found a flagged portal.
 12479 | Bailey   | Entered a bailey
 12497 | Bailey   | Reached ** piety under Sif Muna
 15131 | D:8      | Learned a level 2 spell: Blink
 15135 | D:8      | Learned a level 3 spell: Mephitic Cloud
 15799 | D:10     | Entered Level 10 of the Dungeon
 16057 | D:10     | Reached skill level 10 in Stealth
 16057 | D:10     | Reached XP level 11. HP: 40/74 MP: 16/21
 16370 | D:10     | Reached skill level 5 in Short Blades
 16451 | D:10     | Found a staircase to the Lair.
 16877 | D:11     | Found Meacar's Food Emporium.
 17054 | D:11     | Noticed an unseen horror
 17274 | D:11     | Killed an unseen horror
 18160 | D:12     | Noticed Maurice
 18284 | D:12     | HP: 2/74 [centaur warrior skeleton (3)]
 19111 | D:11     | Reached *** piety under Sif Muna
 19678 | D:11     | Noticed a manticore
 19739 | D:12     | Noticed a brown ugly thing
 19743 | D:12     | Noticed an eight-headed hydra
 19745 | D:12     | Noticed a manticore
 19969 | D:12     | Noticed a red ugly thing
 20292 | D:13     | Noticed a centaur warrior
 20310 | D:13     | Killed a centaur warrior
 20582 | D:13     | Noticed an unseen horror
 20592 | D:13     | Killed an unseen horror
 20757 | D:13     | Reached skill level 11 in Stealth
 20837 | D:13     | Noticed a white ugly thing
 20838 | D:13     | Noticed a deep elf mage
 20839 | D:13     | Reached XP level 12. HP: 81/81 MP: 23/23
 21184 | D:13     | Reached skill level 5 in Shields
 21244 | D:13     | Noticed a centaur warrior
 21250 | D:13     | Killed a centaur warrior
 21365 | D:13     | Noticed a vault guard
 21423 | D:14     | Noticed a centaur warrior
 21426 | D:13     | Quit the game

Skill      XL: |  1  2  3  4  5  6  7  8  9 10 11 12 |
---------------+-------------------------------------+-----
Stealth        | 3 4 5 6 7 9 10 11 | 11.2
Fighting       | 1 2 3 4 5 6 7 |  7.7
Dodging        | 3 4 5 6 7 8 |  8.0
Conjurations   | 2 3 5 6 7 |  7.8
Spellcasting   | 4 5 6 7 |  7.7
Shields        | 1 3 4 5 |  5.1
Short Blades   | 1 4 6 7 |  7.3
Summonings     | |  1.0
Translocations | |  1.0

Action                   |  1- 3 |  4- 6 |  7- 9 | 10-12 || total
-------------------------+-------+-------+-------+-------++-------
Melee: Unarmed           |    10 |       |       |       ||    10
       Constrict         |     6 |     3 |    33 |    75 ||   117
       Tentacles         |     4 |     1 |    20 |    65 ||    90
       Dagger            |    12 |       |       |       ||    12
       Short sword       |     7 |    14 |   167 |   479 ||   667
Throw: Stone             |       |       |       |    14 ||    14
 Cast: Magic Dart        |   100 |    37 |   236 |   263 ||   636
       Slow              |       |       |       |    15 ||    15
Evoke: Wand              |       |     9 |    36 |    55 ||   100
  Use: Scroll            |     2 |     1 |     7 |     8 ||    18
       Potion            |       |       |     5 |     8 ||    13
 Stab: Sleeping          |     1 |     4 |     4 |    12 ||    21
       Paralysed         |       |       |     8 |       ||     8
       Distracted        |       |       |       |     1 ||     1
  Eat: Chunk             |     4 |     4 |    19 |    14 ||    41
       Ration            |       |       |     1 |     6 ||     7
Armor: Skin              |     3 |     3 |     5 |    29 ||    40
Dodge: Dodged            |    27 |    12 |   138 |   206 ||   383
Block: Shield            |       |       |    33 |   293 ||   326
       Reflection        |       |       |       |     7 ||     7
